SAA
LANCASTER FARMERS @ TACOMA FUR TRADERS
07/29/2029
 
TOP OF THE 1ST
Lancaster Farmers batting - Pitching for Tacoma Fur Traders : LHP César González
Pitching: LHP César González
Batting: SHB Sven Spee 0-0: Called Strike
0-1: Ball
1-1: Ball
2-1: Ball
3-1: Base on Balls
Batting: RHB Woodrow Terrebonne 0-0: Swinging Strike
0-1: Ball
1-1: Ball
2-1: Ball
3-1: Called Strike
3-2: Ground out 5-3 (Groundball, 56S)
Sven Spee to second
Batting: RHB Alejandro Garza 0-0: SINGLE (Flyball, 7S) - OUT at second base trying to stretch hit.
Sven Spee scores
Batting: RHB Gabe Cain 0-0: Ball
1-0: Swinging Strike
1-1: Ball
2-1: Fly out, F4 (Line Drive, 4)
Top of the 1st over - 1 run, 1 hit, 0 errors, 0 left on base; Lancaster 1 - Tacoma 0
BOTTOM OF THE 1ST
Tacoma Fur Traders batting - Pitching for Lancaster Farmers : RHP Gerry Fleck
Pitching: RHP Gerry Fleck
Batting: LHB Elmer Hudgins 0-0: Ball
1-0: Ball
2-0: Called Strike
2-1: Swinging Strike
2-2: Strikes out looking
Batting: RHB Roberto Aguirre 0-0: SINGLE (Groundball, 56) (infield hit)
Batting: RHB Trevor O'Herlihy 0-0: Ball
1-0: Ball
2-0: Ball
3-0: Base on Balls
Roberto Aguirre to second
Batting: RHB Gustavo González 0-0: Called Strike
0-1: SINGLE (Line Drive, 56D)
Roberto Aguirre to third
Trevor O'Herlihy to second
Batting: SHB Dave Gant 0-0: Called Strike
0-1: Called Strike
0-2: Strikes out looking
Batting: RHB Chad Silander 0-0: Ball
1-0: Called Strike
1-1: Swinging Strike
1-2: Ball
2-2: Strikes out looking
Bottom of the 1st over - 0 runs, 2 hits, 0 errors, 3 left on base; Lancaster 1 - Tacoma 0
TOP OF THE 2ND
Lancaster Farmers batting - Pitching for Tacoma Fur Traders : LHP César González
Batting: LHB Tullu Amaad 0-0: Ball
1-0: Called Strike
1-1: Ball
2-1: SINGLE (Groundball, 4D)
Batting: RHB Cosmo Castanhedo 0-0: Called Strike
0-1: Foul Ball, location: 2F
0-2: Ball
1-2: Ball
2-2: Ball
3-2: Fly out, F6 (Popup, 6D)
Batting: SHB Robert La Caze 0-0: Called Strike
0-1: Ball
1-1: Grounds into double play, 4-6-3 (Groundball, 4)
Top of the 2nd over - 0 runs, 1 hit, 0 errors, 0 left on base; Lancaster 1 - Tacoma 0
BOTTOM OF THE 2ND
Tacoma Fur Traders batting - Pitching for Lancaster Farmers : RHP Gerry Fleck
Batting: RHB David Tineo 0-0: Ball
1-0: Foul Ball, location: 2F
1-1: Foul Ball, location: 2F
1-2: Foul Ball, location: 2F
1-2: Ball
2-2: Foul Ball, location: 2F
2-2: Strikes out looking
Batting: RHB Jonathan Barnett 0-0: Ball
1-0: Swinging Strike
1-1: Swinging Strike
1-2: Foul Ball, location: 2F
1-2: Ball
2-2: Ground out 4-3 (Groundball, 4S)
Batting: RHB Luis Flores 0-0: Ball
1-0: Fly out, F8 (Line Drive, 8RXD)
Bottom of the 2nd over - 0 runs, 0 hits, 0 errors, 0 left on base; Lancaster 1 - Tacoma 0
TOP OF THE 3RD
Lancaster Farmers batting - Pitching for Tacoma Fur Traders : LHP César González
Batting: LHB Carlos Germán 0-0: Called Strike
0-1: Ball
1-1: Foul Ball, location: 2F
1-2: Ball
2-2: Foul Ball, location: 2F
2-2: Ball
3-2: Base on Balls
Batting: RHB Danijel van Aalten 0-0: Called Strike
0-1: Foul Ball, location: 2F
0-2: Grounds into double play, 4-6-3 (Groundball, 4)
Batting: SHB Sven Spee 0-0: Ground out 3-1 (Groundball, 34S)
Top of the 3rd over - 0 runs, 0 hits, 0 errors, 0 left on base; Lancaster 1 - Tacoma 0
BOTTOM OF THE 3RD
Tacoma Fur Traders batting - Pitching for Lancaster Farmers : RHP Gerry Fleck
Batting: LHB Elmer Hudgins 0-0: Foul Ball, location: 2F
0-1: Ball
1-1: Fly out, F7 (Flyball, 7LMF)
Batting: RHB Roberto Aguirre 0-0: Ball
1-0: Ball
2-0: Ball
3-0: Base on Balls
Batting: RHB Trevor O'Herlihy 0-0: Ball
Roberto Aguirre is caught stealing 2nd base
1-0: Called Strike
1-1: SOLO HOME RUN (Flyball, 7D), Distance : 411 ft
Batting: RHB Gustavo González 0-0: Ball
1-0: Foul Ball, location: 2F
1-1: Ball
2-1: Foul Ball, location: 2F
2-2: Ball
3-2: Foul Ball, location: 2F
3-2: Fly out, F3 (Popup, 3S)
Bottom of the 3rd over - 1 run, 1 hit, 0 errors, 0 left on base; Lancaster 1 - Tacoma 1
TOP OF THE 4TH
Lancaster Farmers batting - Pitching for Tacoma Fur Traders : LHP César González
Batting: RHB Woodrow Terrebonne 0-0: Ball
1-0: Ball
2-0: Foul Ball, location: 2F
2-1: Foul Ball, location: 2F
2-2: Fly out, F7 (Line Drive, 7D)
Batting: RHB Alejandro Garza 0-0: Ball
1-0: Ball
2-0: Foul Ball, location: 2F
2-1: Foul Ball, location: 2F
2-2: Foul Ball, location: 2F
2-2: Strikes out looking
Batting: RHB Gabe Cain 0-0: Ball
1-0: Fly out, F3 (Line Drive, 3S)
Top of the 4th over - 0 runs, 0 hits, 0 errors, 0 left on base; Lancaster 1 - Tacoma 1
BOTTOM OF THE 4TH
Tacoma Fur Traders batting - Pitching for Lancaster Farmers : RHP Gerry Fleck
Batting: SHB Dave Gant 0-0: Ball
1-0: Foul Ball, location: 2F
1-1: Called Strike
1-2: Ball
2-2: Foul Ball, location: 2F
2-2: Fly out, F5 (Popup, 5SF)
Batting: RHB Chad Silander 0-0: Called Strike
0-1: Called Strike
0-2: Strikes out swinging
Batting: RHB David Tineo 0-0: Called Strike
0-1: Ball
1-1: Ball
2-1: Swinging Strike
2-2: Fly out, F4 (Popup, 34S)
Bottom of the 4th over - 0 runs, 0 hits, 0 errors, 0 left on base; Lancaster 1 - Tacoma 1
TOP OF THE 5TH
Lancaster Farmers batting - Pitching for Tacoma Fur Traders : LHP César González
Batting: LHB Tullu Amaad 0-0: Foul Ball, location: 2F
0-1: Swinging Strike
0-2: Strikes out swinging
Batting: RHB Cosmo Castanhedo 0-0: Fly out, F1 (Line Drive, 13)
Batting: SHB Robert La Caze 0-0: Ball
1-0: Ball
2-0: Ground out 5-3 (Groundball, 56)
Top of the 5th over - 0 runs, 0 hits, 0 errors, 0 left on base; Lancaster 1 - Tacoma 1
BOTTOM OF THE 5TH
Tacoma Fur Traders batting - Pitching for Lancaster Farmers : RHP Gerry Fleck
Batting: RHB Jonathan Barnett 0-0: Ball
1-0: Swinging Strike
1-1: Swinging Strike
1-2: Strikes out looking
Batting: RHB Luis Flores 0-0: Ball
1-0: Ground out 3-1 (Groundball, 34S)
Batting: LHB Elmer Hudgins 0-0: Ball
1-0: Ground out U3 (Groundball, 3)
Bottom of the 5th over - 0 runs, 0 hits, 0 errors, 0 left on base; Lancaster 1 - Tacoma 1
TOP OF THE 6TH
Lancaster Farmers batting - Pitching for Tacoma Fur Traders : LHP César González
Batting: LHB Carlos Germán 0-0: Ground out 1-3 (Groundball, P)
Batting: RHB Danijel van Aalten 0-0: Ball
1-0: Foul Ball, location: 2F
1-1: Ball
2-1: Ground out U3 (Groundball, 34S)
Batting: SHB Sven Spee 0-0: Ball
1-0: Called Strike
1-1: Swinging Strike
1-2: Strikes out looking
Top of the 6th over - 0 runs, 0 hits, 0 errors, 0 left on base; Lancaster 1 - Tacoma 1
BOTTOM OF THE 6TH
Tacoma Fur Traders batting - Pitching for Lancaster Farmers : RHP Gerry Fleck
Batting: RHB Roberto Aguirre 0-0: Foul Ball, location: 2F
0-1: Swinging Strike
0-2: Ball
1-2: Strikes out looking
Batting: RHB Trevor O'Herlihy 0-0: Called Strike
0-1: Ball
1-1: Ball
2-1: Called Strike
2-2: Ground out 4-3 (Groundball, 4MS)
Batting: RHB Gustavo González 0-0: Ball
1-0: Called Strike
1-1: Swinging Strike
1-2: Ball
2-2: Ground out 1-3 (Groundball, 13)
Bottom of the 6th over - 0 runs, 0 hits, 0 errors, 0 left on base; Lancaster 1 - Tacoma 1
TOP OF THE 7TH
Lancaster Farmers batting - Pitching for Tacoma Fur Traders : LHP César González
Batting: RHB Woodrow Terrebonne Error on foul ball, E2
0-1: Ball
1-1: Fly out, F9 (Flyball, 9S)
Batting: RHB Alejandro Garza 0-0: Ball
1-0: Called Strike
1-1: Called Strike
1-2: Foul Ball, location: 2F
1-2: Strikes out swinging, 2-3 out at first.
Batting: RHB Gabe Cain 0-0: SINGLE (Line Drive, 6MD)
Batting: LHB Tullu Amaad 0-0: SINGLE (Groundball, 34D)
Gabe Cain to second
Runner from 2nd tries for 3rd, SAFE, no throw
Batting: RHB Cosmo Castanhedo 0-0: Ball
1-0: Ball
2-0: Called Strike
2-1: Ball
3-1: 3-RUN HOME RUN (Flyball, 7D), Distance : 402 ft
Batting: SHB Robert La Caze 0-0: Ball
1-0: Fly out, F7 (Flyball, 7LM)
Top of the 7th over - 3 runs, 3 hits, 1 error, 0 left on base; Lancaster 4 - Tacoma 1
BOTTOM OF THE 7TH
Tacoma Fur Traders batting - Pitching for Lancaster Farmers : RHP Gerry Fleck
Batting: SHB Dave Gant 0-0: Ball
1-0: Ball
2-0: Called Strike
2-1: SINGLE (Line Drive, 34D)
Batting: RHB Chad Silander 0-0: Bunted foul
0-1: Sac Bunt - play at first, batter OUT! 1-4
Dave Gant to second
Batting: RHB David Tineo 0-0: Ball
1-0: Called Strike
1-1: Called Strike
1-2: Ground out 6-3 (Groundball, 6)
Batting: RHB Jonathan Barnett 0-0: Ball
1-0: Called Strike
1-1: Ball
2-1: SINGLE (Groundball, 34D)
Dave Gant to third
Runner from 3rd tries for Home, SAFE, throw made home
Jonathan Barnett to second
Batting: RHB Luis Flores 0-0: Swinging Strike
0-1: Fly out, F3 (Popup, 23F)
Bottom of the 7th over - 1 run, 2 hits, 0 errors, 1 left on base; Lancaster 4 - Tacoma 2
TOP OF THE 8TH
Lancaster Farmers batting - Pitching for Tacoma Fur Traders : LHP César González
Batting: LHB Carlos Germán 0-0: Ball
1-0: Ball
2-0: Ball
3-0: Called Strike
3-1: Base on Balls
Batting: RHB Danijel van Aalten 0-0: Fly out, F8 (Line Drive, 8LXD)
Batting: SHB Sven Spee 0-0: Called Strike
0-1: SINGLE (Line Drive, 56)
Carlos Germán to second
Batting: RHB Woodrow Terrebonne 0-0: Ball
1-0: Ball
2-0: Swinging Strike
2-1: Swinging Strike
2-2: Foul Ball, location: 2F
2-2: SINGLE (Groundball, 6MD)
Carlos Germán to third
Sven Spee to second
Runner from 3rd tries for Home, SAFE, no throw
Batting: RHB Alejandro Garza 0-0: Grounds into double play, 5-4-3 (Groundball, 56)
Top of the 8th over - 1 run, 2 hits, 0 errors, 1 left on base; Lancaster 5 - Tacoma 2
BOTTOM OF THE 8TH
Tacoma Fur Traders batting - Pitching for Lancaster Farmers : RHP Gerry Fleck
Batting: LHB Elmer Hudgins 0-0: Ball
1-0: Called Strike
1-1: Foul Ball, location: 2F
1-2: Ball
2-2: Ball
3-2: Base on Balls
Batting: RHB Roberto Aguirre 0-0: Called Strike
0-1: Foul Ball, location: 2F
0-2: Ball
Pickoff Throw by Catcher to First - Error! E2
Elmer Hudgins to second
1-2: Strikes out swinging
Batting: RHB Trevor O'Herlihy 0-0: Called Strike
0-1: Called Strike
0-2: Foul Ball, location: 2F
0-2: Strikes out swinging
Batting: RHB Gustavo González 0-0: Foul Ball, location: 2F
0-1: Ball
1-1: SINGLE (Flyball, 89M)
Elmer Hudgins to third
Runner from 3rd tries for Home, SAFE, no throw
Batting: SHB Dave Gant 0-0: Foul Ball, location: 2F
0-1: Ball
1-1: Called Strike
1-2: Ball
2-2: Ball
3-2: Foul Ball, location: 2F
3-2: Strikes out looking
Bottom of the 8th over - 1 run, 1 hit, 1 error, 1 left on base; Lancaster 5 - Tacoma 3
TOP OF THE 9TH
Lancaster Farmers batting - Pitching for Tacoma Fur Traders : LHP César González
Batting: RHB Gabe Cain 0-0: Ball
1-0: Foul Ball, location: 2F
1-1: Ground out U3 (Groundball, 34)
Batting: LHB Tullu Amaad 0-0: Ball
1-0: Foul Ball, location: 2F
1-1: Foul Ball, location: 2F
1-2: Fly out, F3 (Popup, 34S)
Batting: RHB Cosmo Castanhedo 0-0: Called Strike
0-1: Ball
1-1: Ball
2-1: Ball
3-1: Base on Balls
Pitching: RHP Jeff Pearce
Batting: SHB Robert La Caze 0-0: Ball
1-0: Swinging Strike
1-1: Called Strike
1-2: Fly out, F7 (Flyball, 78D)
Top of the 9th over - 0 runs, 0 hits, 0 errors, 1 left on base; Lancaster 5 - Tacoma 3
BOTTOM OF THE 9TH
Tacoma Fur Traders batting - Pitching for Lancaster Farmers : RHP Gerry Fleck
Pitching: RHP Woody Hudson
Batting: RHB Chad Silander 0-0: Ball
1-0: Ball
2-0: Hit by Pitch
Batting: RHB David Tineo 0-0: Hit by Pitch
Chad Silander to second
Pinch Hitting: LHB Ernesto Sánchez 0-0: Bunt missed!
0-1: Bunted foul
0-2: Fly out, F8 (Flyball, 89M)
Batting: RHB Luis Flores 0-0: Grounds into double play, 6-4-3 (Groundball, 6)
Bottom of the 9th over - 0 runs, 0 hits, 0 errors, 1 left on base; Lancaster 5 - Tacoma 3
Tuesday, December 19th, 2017 - OOTP Baseball 18.8 Build 76